 Dungeon Crawl Stone Soup version 0.30-a0-1160-g6e42c06551 (webtiles) character file.

Game seed: 1493319065610294595

219 hwolsky the Chopper (level 5, -4/47 HPs)
             Began as a Minotaur Fighter on Apr 25, 2023.
             Killed from afar by an electric eel (6 damage)
             ... with a bolt of electricity
             ... on level 4 of the Dungeon.
             The game lasted 00:07:16 (2457 turns).

hwolsky the Chopper (Minotaur Fighter)              Turns: 2457, Time: 00:07:16

Health: -4/47      AC: 10    Str: 22    XL:     5   Next: 64%
Magic:  4/4        EV:  7    Int:  5    God:
Gold:   212        SH:  8    Dex: 10    Spells: 4/4 levels left

rFire   . . .        c - +1 war axe (vamp)
rCold   . . .        r - +0 kite shield
rNeg    . . .        i - +0 chain mail
rPois   .            (helmet restricted)
rElec   .            h - +0 cloak
rCorr   .            (no gloves)
SInv    .            (no boots)
Will    .....        (no amulet) Stlth
                     (no ring)
HPRegen 0.27/turn    (no ring)
MPRegen 0.09/turn

%: no passive effects
@: no status effects
A: horns 2, retaliatory headbutt
a: no special abilities


You were on level 4 of the Dungeon.
You visited 1 branch of the dungeon, and saw 4 of its levels.

You collected 212 gold pieces.

Inventory:

Hand Weapons
 c - a +1 vampiric war axe (weapon)
Missiles
 n - 3 javelins (quivered)
Armour
 h - a +0 cloak (worn)
 i - a +0 chain mail (worn)
 r - a +0 kite shield (worn)
Wands
 a - a wand of quicksilver (8)
 s - a wand of flame (9)
 t - a wand of polymorph (8)
Scrolls
 g - a scroll of enchant weapon
 k - 3 scrolls of teleportation
 p - a scroll of magic mapping
Potions
 b - 2 potions of resistance
 d - a potion of might
 e - 4 potions of heal wounds {unknown}
 f - 2 potions of lignification
 j - 2 potions of cancellation {unknown}
 l - a potion of flight {unknown}
 m - 2 potions of berserk rage {unknown}
 o - a potion of curing {unknown}
 q - a potion of haste {unknown}
 u - a potion of magic {unknown}


   Skills:
 + Level 4.7 Fighting
 * Level 4.8 Axes
 + Level 4.7 Armour
 + Level 4.7 Shields


You had 4 spell levels left.
You didn't know any spells.
Your spell library contained the following spells:

 Spells                   Type           Power      Damage    Failure   Level
 Blink                    Tloc           0%         N/A       100%        2
 Gell's Gravitas          Tloc           0%         N/A       100%        3
 Volatile Blastmotes      Fire/Tloc      0%         2d10      100%        3
 Manifold Assault         Tloc           0%         N/A       100%        4
 Passage of Golubria      Tloc           0%         N/A       100%        4
 Dispersal                Tloc           0%         N/A       100%        6
 Storm Form               Tmut/Air       0%         N/A       100%        7


Dungeon Overview and Level Annotations

Branches:
Dungeon (4/15)
 Temple: D:4-7

Altars:
Fedhas
Hepliaklqana
Makhleb
Xom

Shops:
D:3 :

Annotations:
D:4 1 transporter


Innate Abilities, Weirdness & Mutations

You have a pair of horns on your head.
You reflexively headbutt those who attack you in melee.


Message History

The giant cockroach is moderately wounded.
You block the giant cockroach's attack. x2
You barely miss the giant cockroach.
Your headbutt misses the giant cockroach.
The giant cockroach is moderately wounded.
You block the giant cockroach's attack. x2
You closely miss the giant cockroach. You headbutt the giant cockroach.
You kill the giant cockroach!
Found a scimitar.
Partly explored, unvisited transporter.
Partly explored, unvisited transporter.
Search for what [Enter for "."]? .
As you read the scroll labelled CYAJAT EBBOTZ, it crumbles to dust.
You assume a fearsome visage.
Nothing appears to happen.
It was a scroll of fear.
Partly explored, unvisited transporter.
There is a transporter here.
You enter the transporter and appear at another place.
s - a wand of flame (9)
You open the door.
The electric eel shoots out a bolt of lightning at you!
The bolt of electricity hits you! The bolt of electricity misses you.
The bolt of electricity hits the plant!
The plant begins to die.
The electric eel shoots out a bolt of lightning at you!
The bolt of electricity hits you! The bolt of electricity misses you.
There is an open door here.
The electric eel shoots out a bolt of lightning at you!
The bolt of electricity hits you! x2
* * * LOW HITPOINT WARNING * * *
You closely miss the electric eel. You headbutt the electric eel.
The electric eel is lightly wounded.
You closely miss the electric eel.
The electric eel shoots out a bolt of lightning at you!
The bolt of electricity hits you!
* * * LOW HITPOINT WARNING * * *
The bolt of electricity hits you.
* * * LOW HITPOINT WARNING * * *
The electric eel shoots out a bolt of lightning at you!
The bolt of electricity hits you.
You die...

..####.....##########.#
#....#....#######.....#
.....................##
###...#..####....©.(..# #.......#
#.#######.#
##.......###.#8.©.8#.#
#.........##.#P...P#.#######
##.###.....##.###'###.......#
...# ##.....#.#S@..S#.#####.#
#### ##..#....#S...~#.# #.#
.#####...#....#~...~#.# ###.#
.......#<##.#.#~.♣.~#.###...#
#####.......#.#~...~#.##..###
..###.#.......#~...~#..#.#####
.)....#.......#~...~#........##
..............###+###..#.###..###
..............#P.?.P#..#.###...#.


You could see 3 electric eels.

Vanquished Creatures
  Jessica (D:2)
  A sleepcap (D:4)
  An iguana (D:4)
  Robin (D:2)
  3 adders
  An ufetubus (D:4)
  A worm (D:4)
  3 dart slugs
  An orc (D:4)
  5 ball pythons
  9 bats
  6 endoplasms
  7 giant cockroaches
  12 goblins
  10 hobgoblins
  6 quokkas
  2 frilled lizards
  4 kobolds
  7 rats
  A spectral hobgoblin (D:3)
82 creatures vanquished.

Vanquished Creatures (others)
  2 fungi (D:3)
  A plant (D:3)
3 creatures vanquished.

Grand Total: 85 creatures vanquished

Notes
Turn   | Place    | Note
-------+----------+-------------------------------------------
     0 | D:1      | hwolsky the Minotaur Fighter began the quest for the Orb.
     0 | D:1      | Reached XP level 1. HP: 19/19 MP: 0/0
    78 | D:1      | Reached XP level 2. HP: 27/27 MP: 1/1
   416 | D:1      | Reached XP level 3. HP: 32/33 MP: 2/2
   801 | D:2      | Found a shimmering altar of Xom.
   896 | D:2      | Noticed Jessica
   911 | D:2      | Killed Jessica
   912 | D:2      | Reached XP level 4. HP: 40/40 MP: 3/3
   915 | D:2      | Noticed Robin
   920 | D:2      | Killed Robin
  1148 | D:3      | Found Uwnuak's Book Shoppe.
  1207 | D:3      | Found a faded altar of an unknown god.
  1248 | D:3      | Found a burning altar of Makhleb.
  1386 | D:3      | Found a blossoming altar of Fedhas.
  1752 | D:3      | Got Otiufu's Monograph on Portals
  1861 | D:3      | Found a hazy altar of Hepliaklqana.
  1865 | D:3      | Reached XP level 5. HP: 43/47 MP: 4/4
  2233 | D:4      | Found a transporter.
  2245 | D:4      | Found a transporter.
  2457 | D:4      | HP: 2/47 [electric eel/bolt of electricity (2)]
  2457 | D:4      | Killed from afar by an electric eel

Illustrated notes

Levels and vault maps discovered:
D:1:      roderic_chinese_lattice_arrival, layout_rooms
D:2:      layout_rooms, basic_altar, minmay_fractal_squares_gapless_5,
          uniq_jessica, uniq_robin
D:3:      layout_basic, nicolae_hepliaklqana_monster_ancestors,
          mainiacjoe_overflow_small_starburst, fedhas_altar_4,
          shapermc_ecumenical_altar_acropolis, serial_shops, shop
D:4:      gammafunk_steamed_eel, layout_rooms

Skill      XL: |  1  2  3  4 |
---------------+-------------+-----
Axes           | 3 4 |  4.8
Armour         | 4 |  4.7
Shields        | 4 |  4.7
Fighting       | 4 |  4.7

Action                     |  1- 3 |  4- 6 || total
---------------------------+-------+-------++-------
  Melee: War axe           |    85 |    80 ||   165
         Headbutt          |    14 |    11 ||    25
    Use: Scroll            |     5 |     4 ||     9
 Armour: Scale mail        |    23 |       ||    23
         Chain mail        |    25 |    42 ||    67
  Dodge: Dodged            |    41 |    32 ||    73
  Block: Buckler           |    22 |    13 ||    35
         Kite shield       |       |    20 ||    20

Table legend: (Time is in decaauts)
 A = Elapsed time spent in this place.
 B = Non-inter-level travel time spent in this place.
 C = Inter-level travel time spent in this place.
 D = Time resting spent in this place.
 E = Time spent auto-exploring this place.
 F = Levels seen in this place.
 G = Mean time per level.
                   A        B        C        D        E       F      G
               +--------+--------+--------+--------+--------+-----+--------+
         Total |   2515 |   2456 |     59 |      0 |   1596 |   4 |  628.8 |
       Dungeon |   2515 |   2456 |     59 |      0 |   1596 |   4 |  628.8 |
               +--------+--------+--------+--------+--------+-----+--------+

Top non-repeatable levels by time:
     D:3: 858 daAuts
     D:2: 595 daAuts
     D:4: 573 daAuts
     D:1: 487 daAuts
